 Seeded DCSS version 0.29.1-15-g9cfb28693d (webtiles) character file.

Game seed: 73 (custom seed)

49 Psyclone the Conjurer (level 3, -12/19 HPs)
             Began as a Deep Elf Conjurer on Sept 24, 2023.
             Mangled by a gnoll
             ... wielding a +0 halberd
              (13 damage)
             ... on level 2 of the Dungeon.
             The game lasted 00:01:52 (1506 turns).

Psyclone the Conjurer (Deep Elf Conjurer)           Turns: 1506, Time: 00:01:53

Health: -12/19     AC:  2    Str:  4    XL:     3   Next: 51%
Magic:  1/10       EV: 12    Int: 24    God:
Gold:   55         SH:  0    Dex: 13    Spells: 9/10 levels left

rFire   . . .      SeeInvis .   e - +4 dagger
rCold   . . .      Faith    .   (no shield)
rNeg    . . .      Spirit   .   a - +0 robe
rPois   .          Reflect  .   (no helmet)
rElec   .          Harm     .   (no cloak)
rCorr   .          Rampage  .   (no gloves)
Will    .....                   (no boots)
Stlth   ++........              (no amulet)
HPRegen 0.06/turn               (no ring)
MPRegen 0.12/turn               (no ring)

@: no status effects
A: no striking features
a: no special abilities


You were on level 2 of the Dungeon.
You visited 1 branch of the dungeon, and saw 2 of its levels.

You collected 55 gold pieces.

Inventory:

Hand Weapons
 e - a +4 dagger (weapon)
Armour
 a - a +0 robe (worn)
Scrolls
 g - a scroll of blinking {unknown}
 h - a scroll of teleportation
 i - a scroll of fog
Potions
 b - a potion of magic
 c - 4 potions of brilliance
 d - a potion of flight


   Skills:
 - Level 2.4 Dodging
 - Level 2.4 Stealth
 + Level 4.3 Spellcasting
 + Level 5.1 Conjurations


You had 9 spell levels left.
You knew the following spells:

 Your Spells              Type           Power      Damage    Failure   Level
a - Magic Dart            Conj           100%       1d8       1%          1

Your spell library contained the following spells:

 Spells                   Type           Power      Damage    Failure   Level
 Searing Ray              Conj           60%        2d6       1%          2
 Dazzling Flash           Conj/Hex       34%        N/A       10%         3
 Fulminant Prism          Conj/Hex       8%         3d7       32%         4
 Iskenderun's Mystic Bla  Conj/Tloc      17%        2d5       32%         4


Dungeon Overview and Level Annotations

Branches:
Dungeon (2/15) Zot: 10493

Altars:


Message History

Casting: Magic Dart (safe; 1% risk of failure)
Confirm with . or Enter, or press ? or * to list all spells.
Aiming: Magic Dart (safe; 1% risk of failure)
Press: ? - help, Shift-Dir - straight line, f/p - gnoll
Aim: a gnoll, wielding a +0 spear (almost dead, 100% to hit)
The magic dart hits the gnoll.
You kill the gnoll!
You now have 2/10 mp.
It was a potion of heal wounds.
You feel much better. The gnoll barely misses you.
Health restored: 19 You struggle against the net.
The gnoll hits you from afar with a +0 halberd!
Ouch! That really hurt!
You take 13 damage, and have 6/19 hp.
MASSIVE DAMAGE!!
You struggle against the net.
The gnoll barely misses you.
You struggle against the net.
The gnoll hits you from afar with a +0 halberd.
* * * LOW HITPOINT WARNING * * *
You take 5 damage, and have 1/19 hp.
MASSIVE DAMAGE!!
You rip the net and break free!
The gnoll barely misses you.
Casting: Magic Dart (safe; 1% risk of failure)
Confirm with . or Enter, or press ? or * to list all spells.
Aiming: Magic Dart (safe; 1% risk of failure)
Press: ? - help, Shift-Dir - straight line, f/p - gnoll
Aim: a gnoll, wielding a +0 spear (almost dead, 100% to hit)
The magic dart hits the gnoll.
The gnoll is moderately wounded.
The gnoll barely misses you.
You now have 2/10 mp.
Casting: Magic Dart (safe; 1% risk of failure)
Confirm with . or Enter, or press ? or * to list all spells.
Aiming: Magic Dart (safe; 1% risk of failure)
Press: ? - help, Shift-Dir - straight line, f/p - gnoll
Aim: a gnoll, wielding a +0 spear (almost dead, 100% to hit)
The magic dart hits the gnoll.
The gnoll is severely wounded.
The gnoll hits you from afar with a +0 halberd!
Ouch! That really hurt!
You die...

#..##.##.#..#### ###<#.#.##......
......##...#############.##......
#.................. ..#######.
............####### .....# #.
##.>........'...# .....# #
#..........###.# #.....#
#........†.'.#.# .....#
#..........#.#.#######†....+
#..........#.#.@.gg........#
############.#.######........
#............#.# #........
#............#.### ....###..
#................# ..#... .
#...............## ...#.##.
#...............# g..#.# .
#...............# #...#.#
#............####


You could see 2 gnolls.

Vanquished Creatures
  A gnoll (D:2)
  An adder (D:2)
  A worm (D:2)
  5 ball pythons
  2 endoplasms
  2 giant cockroaches
  2 goblins
  2 hobgoblins (D:2)
  3 kobolds
  2 quokkas
  2 bats (D:1)
  2 frilled lizards
  3 rats
28 creatures vanquished.

Notes
Turn   | Place    | Note
-------+----------+-------------------------------------------
     0 | D:1      | Psyclone the Deep Elf Conjurer began the quest for the Orb.
     0 | D:1      | Reached XP level 1. HP: 10/10 MP: 6/6
   276 | D:1      | Found a faded altar of an unknown god.
   347 | D:1      | Reached XP level 2. HP: 14/15 MP: 5/8
  1249 | D:2      | Reached skill level 5 in Conjurations
  1249 | D:2      | Reached XP level 3. HP: 19/19 MP: 6/10
  1506 | D:2      | Mangled by a gnoll

Illustrated notes

Levels and vault maps discovered:
D:1:      mrwooster_arrival_statue_2, layout_loops_ring,
          shapermc_ecumenical_altar_mp_ritualfount
D:2:      layout_basic, moated_statue

Skill      XL: |  1  2 |
---------------+-------+-----
Spellcasting   | 4 |  4.3
Conjurations   | 5 |  5.1
Dodging        | |  2.4
Stealth        | |  2.4

Action                   || total
-------------------------++-------
 Cast: Magic Dart        ||    62
  Use: Potion            ||     4
       Scroll            ||     3
Dodge: Dodged            ||     5
